 Dungeon Crawl Stone Soup version 0.32-a0-290-g598725c5f2 (webtiles) character file.

Game seed: 2510348009919145473

27 Bravepunisher the Ducker (level 2, -3/16 HPs)
             Began as a Spriggan Monk on Feb 13, 2024.
             Was a Believer of Makhleb.
             Slain by a lemure (4 damage)
             ... led by Pikel
             ... on level 4 of the Dungeon.
             The game lasted 00:03:49 (767 turns).

Bravepunisher the Ducker (Spriggan Monk)             Turns: 767, Time: 00:04:00

Health: -3/16      AC:  3    Str:  7    XL:     2   Next: 93%
Magic:  3/3        EV: 19    Int: 11    God:    Makhleb [**....]
Gold:   75         SH:  0    Dex: 17    Spells: 1/1 levels left

rFire   . . .        a - +0 short sword
rCold   . . .        (no shield)
rNeg    . . .        b - +0 robe
rPois   .            g - +1 hat
rElec   .            (no cloak)
rCorr   .            (gloves unavailable)
SInv    +            (boots unavailable)
Will    .....        (no amulet)
Stlth   ++           (no ring)
HPRegen 0.22/turn    (no ring)
MPRegen 0.08/turn

%: no passive effects
@: lethally poisoned (-3 -> -16), very quick
A: very small, no large weapons, unfitting armour, see invisible, speed 3
a: Renounce Religion, Minor Destruction


You were on level 4 of the Dungeon.
You worshipped Makhleb.
Makhleb was pleased with you.
You visited 2 branches of the dungeon, and saw 5 of its levels.

You collected 75 gold pieces.

Inventory:

Hand Weapons
 a - a +0 short sword (weapon)
Armour
 b - a +0 robe (worn)
 g - a +1 hat (worn)
Wands
 i - a wand of acid (10)
Scrolls
 e - 3 scrolls of identify
Potions
 c - a potion of ambrosia
 f - 3 potions of haste {unknown}


   Skills:
 - Level 2.8 Fighting
 - Level 3.2 Short Blades
 - Level 5.1 Dodging
 * Level 0.0 Invocations


You had one spell level left.
You didn't know any spells.
Your spell library was empty.

Dungeon Overview and Level Annotations

Branches:
Dungeon (4/15)             Temple (1/1) D:4

Altars:
Cheibriados
Elyvilon
Gozag
Kikubaaqudgha
Makhleb
Okawaru
Uskayaw
Wu Jian
Zin

Shops:
D:3 !

Annotations:
D:4 Menkaure, Pikel


Innate Abilities, Weirdness & Mutations

You are very small and have problems with some larger weapons.
You are too small for most types of armour.
You have supernaturally acute eyesight. (SInv)
You cover ground extremely quickly. (Speed+++)


Message History

You climb downwards.
Welcome to the Ecumenical Temple!
Found a hide-covered altar of Uskayaw and a glowing silver altar of Zin.
Found a staircase back to the Dungeon.
There is a staircase back to the Dungeon here.
Found a burning altar of Makhleb.
Found an opulent altar of Gozag.
There is a burning altar of Makhleb here.
You kneel at the altar of Makhleb.
Makhleb welcomes you!
You can now gain health from killing.
You can now harness Makhleb's destructive might.
There is a staircase back to the Dungeon here.
You climb upwards.
Welcome back to the Dungeon!
Level annotation: Menkaure, Pikel The lemure barely misses you.
The lemure misses you. The lemure hits you.
There is a staircase to the Ecumenical Temple here.
Unknown command.
As you read the scroll labelled LAOZED HEGOJIDD, it crumbles to dust.
It is a scroll of identify.
d - a potion of heal wounds The lemure hits you.
The lemure closely misses you.
As you read the scroll labelled ICSEIPT VASYQ, it crumbles to dust.
Your body is wracked with pain!
Pikel convulses!
The ogre convulses!
It was a scroll of torment.
The ogre closely misses you. The lemure hits you.
The lemure completely misses you.
Unknown command.
The air fills with toxic fumes!
As you read the scroll labelled GEGAAHERGHI, it crumbles to dust.
It was a scroll of poison.
The phantom hits you.
* * * LOW HITPOINT WARNING * * *
The phantom blinks!
You blink.
Unknown command.
You feel much better.
You are engulfed in poison gas.
You are lethally poisoned!
You feel very sick. The lemure hits you!
Ouch! That really hurt!
* * * LOW HITPOINT WARNING * * *
The lemure hits you.
You die...

##.. ........##.##...#
.§§§.####§.§§§..#.##...#
..§§§#ßßß#§§§.§.+....)..
...§§ß§§§ß§§.§§.#......#
....§ß§>.ߧ.§§§.'......#
..#..ßO55ß.K§§§.##.....#
#..#ßKß#§§§§§.##.....#
#. #§5§K.§§§§.##.....#
.. #W@5§§.§§§.##......
.. #§§§§§§.§§......... #
#§§§§§§§.§.........
.§§§§§#§§§...).##...
......############...
........ ..... ####.#.#
....## #. .# ....#. ..
#.


You could see Pikel, an ogre, 4 lemures, a phantom and 2 kobolds.

Vanquished Creatures
  2 ball pythons (D:2)
  2 bats (D:2)
  3 goblins
  A hobgoblin (D:1)
  A kobold (D:2)
  2 quokkas
  A frilled lizard (D:1)
  3 rats
15 creatures vanquished.

Notes
Turn   | Place    | Note
-------+----------+-------------------------------------------
     0 | D:1      | Bravepunisher the Spriggan Monk began the quest for the
                  | Orb.
     0 | D:1      | Reached XP level 1. HP: 11/11 MP: 2/2
   188 | D:1      | Reached XP level 2. HP: 14/16 MP: 3/3
   201 | D:1      | Found a faded altar of an unknown god.
   203 | D:1      | Noticed a great orb of eyes
   203 | D:1      | Noticed a shining eye
   204 | D:1      | Noticed a shining eye
   204 | D:1      | Noticed a great orb of eyes
   389 | D:2      | Reached skill level 5 in Dodging
   587 | D:3      | Found Wusur's Distillery.
   608 | D:3      | Found an iron altar of Okawaru.
   638 | D:3      | Found an ornate altar of the Wu Jian Council.
   724 | D:4      | Noticed Menkaure
   726 | D:4      | Noticed a lemure
   726 | D:4      | Noticed a lemure
   726 | D:4      | Noticed a lemure
   726 | D:4      | Noticed a phantom
   727 | D:4      | Noticed Pikel
   727 | D:4      | Noticed a lemure
   729 | D:4      | Found a staircase to the Ecumenical Temple.
   732 | D:4      | Noticed an ogre
   740 | Temple   | Entered the Ecumenical Temple
   751 | Temple   | Became a worshipper of Makhleb the Destroyer
   751 | Temple   | Reached * piety under Makhleb
   751 | Temple   | Reached ** piety under Makhleb
   767 | D:4      | Slain by a lemure

Illustrated notes

Levels and vault maps discovered:
D:1:      dpeg_arrival_orchard, layout_loops_ring,
          hellmonk_ecumenical_altar_watching_god, serial_shops, shop
D:2:      layout_loops_ring, grunt_decor_cap, roderic_serpentine_path,
          grunt_ministairs_15
D:3:      layout_basic, fiery_altar_vehumet,
          mainiacjoe_overflow_surrounded_room, nicolae_wu_jian_glorious_leap,
          nicolae_hepliaklqana_hippocampus, serial_shops,
          nicolae_shop_industrial_runoff
D:4:      minmay_diamond_boxcup, layout_basic, minmay_temple_entry_statues,
          minmay_misc_feat_more_columns, nicolae_shop_distant_corner_stores,
          uniq_menkaure, uniq_crazy_yiuf_cottage, uniq_pikel, uniq_eustachio
Temple:   hellmonk_temple_of_storms

Skill      XL: |  1  2 |
---------------+-------+-----
Dodging        | 5 |  5.1
Fighting       | |  2.8
Short Blades   | |  3.2

Action                     || total
---------------------------++-------
  Melee: Short sword       ||    39
    Use: Scroll            ||     3
         Potion            ||     1
   Stab: Sleeping          ||     1
 Armour: Robe              ||    14
  Dodge: Dodged            ||    38

Table legend: (Time is in decaauts)
 A = Elapsed time spent in this place.
 B = Non-inter-level travel time spent in this place.
 C = Inter-level travel time spent in this place.
 D = Time resting spent in this place.
 E = Time spent auto-exploring this place.
 F = Levels seen in this place.
 G = Mean time per level.
                   A        B        C        D        E       F      G
               +--------+--------+--------+--------+--------+-----+--------+
         Total |    496 |    490 |      6 |      0 |    215 |   5 |   99.2 |
       Dungeon |    481 |    481 |      0 |      0 |    215 |   4 |  120.2 |
        Temple |     14 |      8 |      6 |      0 |      0 |   1 |   14.0 |
               +--------+--------+--------+--------+--------+-----+--------+

Top non-repeatable levels by time:
     D:2: 216 daAuts
     D:1: 146 daAuts
     D:3: 72 daAuts
     D:4: 46 daAuts
  Temple: 14 daAuts
